 Dungeon Crawl Stone Soup version 0.30-a0-930-gb9d0489357 (webtiles) character file.

Game seed: 12784392033833505016

4286 cheesebisquit the Cleaver (level 10, -5/126 (132) HPs)
             Began as a Minotaur Fighter on Mar 23, 2023.
             Was a Priest of Qazlal.
             Slain by Amaemon
             ... wielding a +1 demon whip of venom
              (6 damage)
             ... on level 8 of the Dungeon.
             The game lasted 00:21:58 (7705 turns).

cheesebisquit the Cleaver (Minotaur Fighter)        Turns: 7705, Time: 00:21:58

HP:   -5/126 (132)  AC: 25    Str: 26    XL:     10   Next: 10%
MP:   9/9           EV:  2    Int:  5    God:    Qazlal [***...]
Gold: 402           SH: 13    Dex:  9    Spells: 9/9 levels left

rFire   . . .      SeeInvis .    (no weapon)
rCold   + . .      Faith    .    H - +0 kite shield
rNeg    . . .      Spirit   .    I - melded +0 plate armour
rPois   +          Reflect  .    (helmet currently unavailable)
rElec   .          Rampage  .    w - melded +2 cloak
rCorr   .          NoTele   +    (gloves currently unavailable)
Will    .....                    x - melded +0 pair of boots
Stlth   +                        v - amulet of regeneration
HPRegen 1.21/turn                G - ring of protection from cold
MPRegen 0.11/turn                (no ring)

@: lethally poisoned (-5 -> -12), tree-form, slowed, lightly drained, invisible,
very slow
A: stationary, stasis, torment immunity, boosted hp, (horns 2), (retaliatory
headbutt)
a: Renounce Religion, Upheaval, Elemental Force


You were on level 8 of the Dungeon.
You worshipped Qazlal.
Qazlal was most pleased with you.
You were a tree.
You visited 2 branches of the dungeon, and saw 9 of its levels.

You collected 498 gold pieces.
You spent 96 gold pieces at shops.

Inventory:

Hand Weapons
 a - a +2 war axe
 y - a +0 morningstar
Missiles
 p - 10 poisoned darts (quivered)
Armour
 w - a +2 cloak (melded)
 x - a +0 pair of boots (melded)
 H - a +0 kite shield (worn)
 I - a +0 plate armour (melded)
Jewellery
 k - an amulet of magic regeneration
 v - an amulet of regeneration (around neck)
 G - a ring of protection from cold (left branch)
Wands
 q - a wand of flame (19)
 r - a wand of charming (28)
Scrolls
 e - a scroll of fog {unknown}
 g - a scroll of butterflies {unknown}
 h - a scroll of blinking
 i - a scroll of enchant armour {unknown}
 j - a scroll of poison
 m - a scroll of immolation {unknown}
 n - 2 scrolls of teleportation
 u - a scroll of magic mapping
 A - a scroll of brand weapon {unknown}
 E - a scroll of torment {unknown}
 F - a scroll of noise {unknown}
Potions
 c - a potion of mutation
 d - a potion of might
 f - a potion of berserk rage
 o - 2 potions of flight
 s - 2 potions of attraction
 t - 3 potions of cancellation
 z - a potion of invisibility
 C - a potion of degeneration {unknown}
 D - a potion of brilliance {unknown}


   Skills:
 + Level 8.1 Fighting
 * Level 10.4 Axes
 + Level 8.1 Armour
 + Level 6.3 Dodging
 + Level 8.0 Shields
 + Level 0.8 Invocations


You had 9 spell levels left.
You didn't know any spells.
Your spell library contained the following spells:

 Spells                   Type           Power      Damage    Failure   Level
 Kiss of Death            Conj/Necr      0%         2d5       78%         1
 Summon Small Mammal      Summ           0%         N/A       78%         1
 Poisonous Vapours        Pois/Air       0%         N/A       89%         2
 Scorch                   Fire           0%         2d5       89%         2
 Static Discharge         Conj/Air       0%         2-2/arc   89%         2
 Call Canine Familiar     Summ           0%         N/A       98%         3
 Confusing Touch          Hex            0%         N/A       98%         3
 Ignite Poison            Fire/Tmut/Pois 0%         N/A       98%         3
 Mephitic Cloud           Conj/Pois/Air  0%         N/A       98%         3
 Summon Guardian Golem    Hex/Summ       0%         N/A       98%         3
 Dispel Undead            Necr           0%         3d6       100%        4
 Flame Wave               Conj/Fire      0%         2d4       100%        4
 Sticky Flame             Conj/Fire      0%         2d3       100%        4
 Summon Forest            Summ/Tloc      0%         N/A       100%        5
 Summon Mana Viper        Hex/Summ       0%         N/A       100%        5
 Summon Cactus Giant      Summ           0%         N/A       100%        6
 Ignition                 Fire           0%         3d3       100%        8


Dungeon Overview and Level Annotations

Branches:
Dungeon (8/15)             Temple (1/1) D:5
   Lair: D:8-11

Altars:
Ashenzari
Cheibriados
Dithmenos
Elyvilon
Fedhas
Gozag
Kikubaaqudgha
Makhleb
Nemelex Xobeh
Okawaru
Qazlal
Ru
Sif Muna
Trog
Uskayaw
Vehumet
Wu Jian
Xom
Yredelemnul
Zin
The Shining One

Shops:
D:2 *   D:3 [

Annotations:
D:5 2 transporters, ytrimaz's ghost, novice FoFi
D:8 Amaemon


Innate Abilities, Weirdness & Mutations

You are a tree.
Your roots penetrate the ground, keeping you stationary.
You cannot be teleported.
You are immune to unholy pain and torment.
Your maximum health is greatly increased.
Your equipment is partially melded.
((You have a pair of horns on your head.))
((You reflexively headbutt those who attack you in melee.))


Message History

Amaemon is moderately wounded.
You feel very sick.
The scorpion disappears in a puff of smoke! x2
The scorpion stings you.
* * * LOW HITPOINT WARNING * * *
The scorpion stings you but does no damage. x2
Amaemon hits you but does no damage. Amaemon claws you but does no damage.
Amaemon tail-slaps you but does no damage.
The orange demon stings you but does no damage.
The scorpion stings you but does no damage.
You pummel Amaemon!!
Amaemon is heavily wounded.
You feel less confused.
You feel sick.
The scorpion stings you but does no damage. x2
Amaemon hits you but does no damage. Amaemon claws you but does no damage.
You block Amaemon's attack.
The orange demon stings you but does no damage.
You block the scorpion's attack. The scorpion completely misses you.
The orange demon stings you but does no damage.
You block Amaemon's attack. Amaemon claws you but does no damage.
Amaemon tail-slaps you.
* * * LOW HITPOINT WARNING * * *
You are more poisoned.
Amaemon poisons you! The scorpion barely misses you.
You catch the helpless Amaemon completely off-guard!
You hit Amaemon but do no damage.
Amaemon is heavily wounded.
* * * LOW HITPOINT WARNING * * *
You feel extremely sick. You block the scorpion's attack.
Amaemon hits you but does no damage. You block Amaemon's attack.
Amaemon tail-slaps you but does no damage.
The orange demon stings you but does no damage.
The scorpion stings you but does no damage. x2
The orange demon stings you but does no damage.
Amaemon hits you with a +1 demon whip of venom!
* * * LOW HITPOINT WARNING * * *
Amaemon claws you but does no damage. Amaemon tail-slaps you.
You die...

#.# #...............####...####
#.# #.................).......#
..###.........)...............#
..............)...)...........#
..))............#.............#..
..)..##########..##.##.##........
#.###...# ##.s#.##.##.#.###..
#.###...#########s#.##.##.#.####.
.........##....s♣64s.............
.........##.########.......#.....
.........##.......# .......##....
.........##.......# ....... #....
.........##.......# ....... #....
.........##.......# ....... #....
.######.###........ ....... ####.
.# #.###......## ....... ## .#
#............ #


You could see Amaemon (unable to see you), an orange demon (unable to see you)
and 4 scorpions.

Vanquished Creatures
  A wyvern (D:8)
  Edmund (D:5)
  5 water moccasins
  An orc warrior (D:7)
  2 black bears
  3 ogres (D:7)
  2 sky beasts (D:6)
  2 bullfrogs
  5 scorpions
  18 wights
  5 killer bees (D:7)
  2 gnoll boudas
  7 orc priests
  6 hounds
  A jelly (D:7)
  2 sleepcaps
  Ijyb (D:3)
  8 orc wizards
  3 iguanas
  Natasha (thrice) (D:3)
  8 gnolls
  4 adders
  3 river rats (D:6)
  2 shadow imps (D:6)
  A white imp (D:7)
  4 worms
  A dart slug (D:4)
  30 orcs
  7 ball pythons
  11 endoplasms
  A giant cockroach (D:1)
  6 goblins
  5 hobgoblins
  11 kobolds
  4 quokkas
  4 bats (D:1)
  7 frilled lizards (D:1)
  6 rats
193 creatures vanquished.

Vanquished Creatures (others)
  30 plants
30 creatures vanquished.

Grand Total: 223 creatures vanquished

Notes
Turn   | Place    | Note
-------+----------+-------------------------------------------
     0 | D:1      | cheesebisquit the Minotaur Fighter began the quest for the
                  | Orb.
     0 | D:1      | Reached XP level 1. HP: 19/19 MP: 0/0
   163 | D:1      | Reached XP level 2. HP: 27/27 MP: 1/1
   365 | D:1      | Reached skill level 3 in Axes
   495 | D:1      | Reached XP level 3. HP: 31/33 MP: 2/2
   889 | D:2      | Reached skill level 1 in Dodging
   982 | D:2      | Found Cuimust's General Store.
  1034 | D:2      | Bought a potion of curing for 36 gold pieces
  1034 | D:2      | Bought a scroll of identify for 24 gold pieces
  1034 | D:2      | Bought a scroll of teleportation for 36 gold pieces
  1352 | D:3      | Reached XP level 4. HP: 13/40 MP: 3/3
  1489 | D:3      | Found a white marble altar of Elyvilon.
  1511 | D:3      | Found a sparkling altar of Nemelex Xobeh.
  1513 | D:3      | Found a glowing golden altar of the Shining One.
  1588 | D:3      | Noticed Ijyb
  1603 | D:3      | Killed Ijyb
  1604 | D:3      | Reached skill level 4 in Axes
  1777 | D:3      | Found Esmuonig's Armour Shop.
  1910 | D:3      | Found a stormy altar of Qazlal.
  1918 | D:3      | Became a worshipper of Qazlal Stormbringer
  2084 | D:3      | Noticed Natasha
  2094 | D:3      | Killed Natasha
  2095 | D:3      | Reached XP level 5. HP: 35/47 MP: 4/4
  2112 | D:3      | Noticed Natasha
  2119 | D:3      | Killed Natasha
  2261 | D:4      | Got the Quarto of Non-Euclidean Ouranomancy
  2369 | D:4      | Reached XP level 6. HP: 49/55 MP: 5/5
  2469 | D:4      | You fall into a shaft and drop 2 floors!
  2490 | D:6      | Reached skill level 5 in Axes
  2518 | D:6      | Reached skill level 5 in Fighting
  2526 | D:6      | Reached skill level 5 in Armour
  2528 | D:6      | Reached * piety under Qazlal
  2534 | D:6      | Reached skill level 5 in Shields
  2534 | D:6      | Reached XP level 7. HP: 21/61 MP: 6/6
  2699 | D:6      | Reached skill level 6 in Axes
  2845 | D:5      | Entered Level 5 of the Dungeon
  3029 | D:5      | Found a staircase to the Ecumenical Temple.
  3080 | Temple   | Entered the Ecumenical Temple
  3514 | D:5      | Found an ornate altar of the Wu Jian Council.
  3544 | D:5      | Found a transporter.
  3547 | D:5      | Noticed ytrimaz's ghost (novice FoFi)
  3555 | D:5      | Found a transporter.
  3652 | D:5      | Noticed Edmund
  3661 | D:5      | Killed Edmund
  3662 | D:5      | Reached skill level 7 in Axes
  3662 | D:5      | Reached XP level 8. HP: 42/70 MP: 7/7
  4335 | D:3      | Noticed Natasha
  4342 | D:3      | Killed Natasha
  5201 | D:6      | Reached skill level 8 in Axes
  5623 | D:6      | Reached ** piety under Qazlal
  5671 | D:6      | Identified the +3 spear "Rosim" {protect, *Slow rPois Str+8
                  | Int-2}
  6054 | D:6      | Reached skill level 5 in Dodging
  6054 | D:6      | Reached XP level 9. HP: 78/78 MP: 8/8
  6316 | D:6      | Reached skill level 9 in Axes
  6873 | D:7      | Reached skill level 10 in Axes
  7503 | D:8      | Reached *** piety under Qazlal
  7537 | D:8      | Reached XP level 10. HP: 73/88 MP: 9/9
  7685 | D:8      | Noticed Amaemon
  7685 | D:8      | Noticed an orange demon
  7705 | D:8      | HP: 1/126 [Amaemon/+1 demon whip of venom (7)]
  7705 | D:8      | Slain by Amaemon

Illustrated notes

Levels and vault maps discovered:
D:1:      shiori_arrival_elements, layout_loops_ring, serial_bayou_lagoon_a,
          st_stairs_14
D:2:      layout_rooms, serial_shops, shop, due_unseen_surprise
D:3:      layout_rooms, nicolae_qazlal_scattered_showers,
          gammafunk_temple_overflow_forgotten, serial_shops, shop,
          dreamdust_princess_bridge, uniq_ijyb, uniq_natasha
D:4:      layout_loops_ring, nicolae_elevator_lobby_plus
D:5:      layout_basic, mainiacjoe_overflow_cross_hatched,
          minmay_temple_entry_large_hall, serial_bayou, serial_bayou_pond_e,
          serial_bayou_shore_b, serial_bayou_crossing, serial_bayou_pond_a,
          gammafunk_ghost_arena, uniq_edmund
D:6:      layout_layer_cave, lightli_sewer_entry_pipes, grunt_ministairs_11
D:7:      layout_layer_cave
D:8:      layout_basic, minmay_misc_feat_cross, uniq_amaemon
Temple:   compressed_dpeg_triangle_lava_temple

Skill      XL: |  1  2  3  4  5  6  7  8  9 10 |
---------------+-------------------------------+-----
Axes           | 3 4 5 7 8 10 | 10.4
Fighting       | 4 5 6 7 8 |  8.1
Armour         | 4 5 6 7 8 |  8.1
Dodging        | 1 2 3 5 6 |  6.3
Shields        | 4 5 6 7 8 |  8.0
Invocations    | |  0.8

Action                     |  1- 3 |  4- 6 |  7- 9 | 10-12 || total
---------------------------+-------+-------+-------+-------++-------
  Melee: War axe           |    86 |   106 |   259 |    24 ||   475
         Headbutt          |     9 |    14 |    47 |     6 ||    76
         Unarmed           |       |       |       |     4 ||     4
  Throw: Dart              |       |     1 |       |       ||     1
    Use: Scroll            |       |     2 |     7 |     2 ||    11
         Potion            |       |       |       |     4 ||     4
   Stab: Invisible         |       |       |       |     1 ||     1
 Armour: Scale mail        |    41 |    36 |   107 |     2 ||   186
         Skin              |       |       |       |    38 ||    38
         Plate armour      |       |       |       |    17 ||    17
  Dodge: Dodged            |    40 |    47 |   120 |    14 ||   221
  Block: Buckler           |    17 |    30 |    69 |       ||   116
         Kite shield       |       |       |    53 |    27 ||    80

Table legend: (Time is in decaauts)
 A = Elapsed time spent in this place.
 B = Non-inter-level travel time spent in this place.
 C = Inter-level travel time spent in this place.
 D = Time resting spent in this place.
 E = Time spent auto-exploring this place.
 F = Levels seen in this place.
 G = Mean time per level.
                   A        B        C        D        E       F      G
               +--------+--------+--------+--------+--------+-----+--------+
         Total |   7888 |   7516 |    372 |     94 |   5954 |   9 |  876.4 |
       Dungeon |   7598 |   7232 |    366 |     94 |   5679 |   8 |  949.8 |
        Temple |    289 |    283 |      6 |      0 |    275 |   1 |  289.0 |
               +--------+--------+--------+--------+--------+-----+--------+

Top non-repeatable levels by time:
     D:6: 1700 daAuts
     D:5: 1475 daAuts
     D:7: 1025 daAuts
     D:3: 934 daAuts
     D:1: 839 daAuts
     D:4: 806 daAuts
     D:2: 567 daAuts
  Temple: 289 daAuts
     D:8: 250 daAuts
